 Dungeon Crawl Stone Soup version 0.27.1-3-gb3d3a73c9e (webtiles) character file.

Game seed: 8345355068395555499

16 Descartes the Digger (level 2, 0/14 HPs)
             Began as a Spriggan Wanderer on Oct 17, 2021.
             Slain by a kobold (2 damage)
             ... on level 1 of the Dungeon.
             The game lasted 00:01:20 (895 turns).

Descartes the Digger (Spriggan Wanderer)             Turns: 895, Time: 00:01:22

Health: 0/14       AC:  4    Str:  6    XL:     2   Next: 41%
Magic:  5/5        EV: 15    Int: 13    God:
Gold:   15         SH:  6    Dex: 16    Spells: 2/3 levels left

rFire    . . .     SeeInvis +   a - +0 dagger
rCold    . . .     Faith    .   b - +0 buckler
rNeg     . . .     Spirit   .   c - +2 robe
rPois    .         Reflect  .   (helmet restricted)
rElec    .         Harm     .   (no cloak)
rCorr    .         Rampage  .   (gloves unavailable)
Will     .....                  (boots unavailable)
Stlth    ++........             (no amulet)
HPRegen  0.04/turn              d - ring of wizardry
MPRegen  0.09/turn              (no ring)

@: very quick
A: very small, no large weapons, unfitting armour, see invisible, speed 3
a: no special abilities


You were on level 1 of the Dungeon.
You visited 1 branch of the dungeon, and saw 1 of its levels.

You collected 15 gold pieces.

Inventory:

Hand Weapons
 a - a +0 dagger (weapon)
Missiles
 e - 14 stones
Armour
 b - a +0 buckler (worn)
 c - a +2 robe (worn)
Jewellery
 d - a ring of wizardry (left hand)
Scrolls
 f - a scroll of blinking {unknown}
 g - a scroll of noise {unknown}


   Skills:
 - Level 1.0 Fighting
 + Level 1.1 Short Blades
 - Level 1.2 Bows
 - Level 1.3 Dodging
 + Level 1.6 Stealth
 * Level 1.4 Shields
 - Level 1.3 Spellcasting
 - Level 1.0 Fire Magic
 - Level 2.6 Earth Magic
 - Level 1.3 Evocations


You had 2 spell levels left.
You knew the following spells:

 Your Spells              Type           Power      Damage    Failure   Level
a - Apportation           Tloc           0%         N/A       16%         1

Your spell library contained the following spells:

 Spells                   Type           Power      Damage    Failure   Level
 Lesser Beckoning         Tloc           0%         N/A       43%         3


Dungeon Overview and Level Annotations

Branches:
Dungeon (1/15)

Altars:


Innate Abilities, Weirdness & Mutations

You are very small and have problems with some larger weapons.
You are too small for most types of armour.
You have supernaturally acute eyesight. (SInv)
You cover ground extremely quickly. (Speed+++)


Message History

Found a stone staircase leading down.
The helpless frilled lizard fails to defend itself.
You puncture the frilled lizard!
You kill the frilled lizard!
No target in view!
No target in view!
No target in view!
No target in view!
No target in view!
No target in view!
No target in view!
No target in view!
No target in view!
No target in view!
No target in view!
No target in view!
No target in view!
No target in view!
No target in view!
There is a stone staircase leading down here.
There is a stone staircase leading down here.
Found a stone staircase leading down.
A kobold comes into view. It is wielding a +0 club.
A kobold comes into view. It is wielding a +2 whip of flaming.
Found a hunting sling.
The kobold hits you but does no damage.
You hit the kobold but do no damage. The kobold barely misses you.
You hit the kobold but do no damage. The kobold barely misses you.
You barely miss the kobold. The kobold hits you but does no damage.
You hit the kobold but do no damage. The kobold hits you with a +0 club.
You hit the kobold but do no damage. You block the kobold's attack.
The kobold closely misses you.
You hit the kobold.
The kobold is moderately wounded.
The kobold hits you with a +0 club.
The kobold hits you with a +2 whip of flaming!
Ouch! That really hurt!
* * * LOW HITPOINT WARNING * * *
The kobold burns you.
You die...

###........# ....
..........## #..
.#####'#### #.##+#
.#####.#######..#.#####
.#.##.#................
...##...#######...#####
###>.#### ##..#
###..### #######..#
#..##..# .......@>#
##.##.## .......KK#
###### .........#
..)......# .........#
.........# .........#
.........#


You could see 2 kobolds.

Vanquished Creatures
  2 dart slugs (D:1)
  2 goblins (D:1)
  3 jackals (D:1)
  A ball python (D:1)
  A frilled lizard (D:1)
  2 kobolds (D:1)
  2 rats (D:1)
13 creatures vanquished.

Notes
Turn   | Place    | Note
-------+----------+-------------------------------------------
     0 | D:1      | Descartes the Spriggan Wanderer began the quest for the
                  | Orb.
     0 | D:1      | Descartes set off with the following items: a +0 dagger, a
                  | +0 buckler, a +2 robe; and the following spell memorised:
                  | Apportation; and the following spells available to
                  | memorise: Lesser Beckoning
     0 | D:1      | Reached XP level 1. HP: 10/10 MP: 3/3
   261 | D:1      | Reached skill level 1 in Stealth
   329 | D:1      | Reached XP level 2. HP: 9/14 MP: 5/5
   473 | D:1      | Reached skill level 1 in Short Blades
   895 | D:1      | Slain by a kobold

Illustrated notes

Levels and vault maps discovered:
D:1:      roderic_chinese_lattice_arrival, layout_basic,
          minmay_tree_intersection, hangedman_glass_teeth, st_stairs_7

Skill      XL: |  1  2 |
---------------+-------+-----
Stealth        | 1 |  1.6
Short Blades   | 1 |  1.1
Fighting       | |  1.0
Bows           | |  1.2
Dodging        | |  1.3
Shields        | |  1.4
Spellcasting   | |  1.3
Fire Magic     | |  1.0
Earth Magic    | |  2.6
Evocations     | |  1.3

Action                   || total
-------------------------++-------
Melee: Dagger            ||   129
 Stab: Sleeping          ||     3
Armor: Robe              ||    23
Dodge: Dodged            ||    98
Block: Buckler           ||    52
